 Dungeon Crawl Stone Soup version 0.30-a0-58-gc0703345a7 (webtiles) character file.

Game seed: 10589463326383662554

1156 MisterAzrael the Chopper (level 8, -10/58 HPs)
             Began as a Formicid Fighter on Sept 11, 2022.
             Was a Believer of Okawaru.
             Killed by divine providence
             ... invoked by an orc priest
              (16 damage)
             ... on level 6 of the Dungeon.
             The game lasted 00:05:24 (5750 turns).

MisterAzrael the Chopper (Formicid Fighter)         Turns: 5750, Time: 00:05:24

Health: -10/58     AC:  8    Str: 24    XL:     8   Next: 66%
Magic:  11/11      EV: 13    Int:  7    God:    Okawaru [**....]
Gold:   188        SH:  5    Dex: 13    Spells: 7/7 levels left

rFire   + . .      SeeInvis +    r - +3 trident (pain)
rCold   x . .      Faith    .    c - +0 buckler
rNeg    . . .      Spirit   .    b - +0 scale mail
rPois   .          Reflect  .    (helmet unavailable)
rElec   .          Harm     .    (no cloak)
rCorr   .          Rampage  .    (no gloves)
Will    .....                    s - +0 pair of boots
Stlth   ..........               (no amulet)
HPRegen 0.19/turn                o - +4 ring of evasion
MPRegen 0.12/turn                g - ring of fire

@: mighty
A: permanent stasis, dig shafts and tunnels, antennae 3, four strong arms
a: Dig, Shaft Self, Renounce Religion, Heroism


You were on level 6 of the Dungeon.
You worshipped Okawaru.
Okawaru was pleased with you.
You visited 1 branch of the dungeon, and saw 6 of its levels.

You collected 188 gold pieces.

Inventory:

Hand Weapons
 a - a +0 war axe
 r - a +3 trident of pain (weapon)
Armour
 b - a +0 scale mail (worn)
 c - a +0 buckler (worn)
 s - a +0 pair of boots (worn)
Jewellery
 g - a ring of fire (right hand)
 j - a ring of wizardry
 o - a +4 ring of evasion (left hand)
Wands
 l - a wand of roots (13)
Scrolls
 e - a scroll of magic mapping {unknown}
 i - 3 scrolls of teleportation
 k - a scroll of noise
 m - a scroll of amnesia
 p - a scroll of fear
Potions
 d - a potion of might
 f - a potion of degeneration {unknown}
 n - 2 potions of flight


   Skills:
 - Level 3.2 Fighting
 - Level 6.5(7.5) Axes
 * Level 5.7(7.1) Polearms
 - Level 3.2 Armour
 - Level 4.0 Shields
 + Level 5.1 Invocations


You had 7 spell levels left.
You didn't know any spells.
Your spell library contained the following spells:

 Spells                   Type           Power      Damage    Failure   Level
 Slow                     Hex            0%         N/A       80%         1
 Sting                    Tmut/Pois      0%         1d3       80%         1
 Poisonous Vapours        Pois/Air       0%         N/A       91%         2
 Confusing Touch          Hex            0%         N/A       99%         3
 Vampiric Draining        Necr           0%         2d6       99%         3
 Olgreb's Toxic Radiance  Pois           0%         N/A       100%        4


Dungeon Overview and Level Annotations

Branches:
Dungeon (6/15)             Temple (0/1) D:5

Altars:
Elyvilon
Okawaru
Wu Jian
Yredelemnul

Annotations:
D:4 3 runed translucent doors, shadownightmare's ghost, novice DsNe


Innate Abilities, Weirdness & Mutations

You cannot be hasted, slowed, berserked, paralysed or teleported.
You can dig through walls and to a lower floor.
You have a pair of large antennae on your head. (SInv)
Your four strong arms can wield two-handed weapons with a shield.


Message History

You kill the orc!
Okawaru accepts your kill.
You barely miss the orc wizard.
The orc wizard casts a spell.
The orc wizard flickers and vanishes for a moment.
You barely miss the orc wizard.
The orc wizard hits you but does no damage.
You barely miss the orc wizard. You block the orc wizard's attack.
You closely miss the orc wizard. The orc wizard barely misses you.
You puncture the orc wizard!
You kill the orc wizard!
Okawaru accepts your kill.
You closely miss the orc warrior. The orc warrior barely misses you.
You impale the orc warrior!!
The orc warrior is severely wounded.
The orc warrior barely misses you.
You closely miss the orc warrior.
The orc warrior is severely wounded.
The orc warrior hits you with a +0 flail.
You hit the orc warrior.
The orc warrior is severely wounded.
The orc warrior closely misses you.
You barely miss the orc warrior.
The orc warrior is severely wounded.
The orc warrior hits you with a +0 flail!
* * * LOW HITPOINT WARNING * * *
You impale the orc warrior!!
You kill the orc warrior!
Okawaru accepts your kill.
Your Invocations skill increases to level 5!
You completely miss the orc. The orc hits you but does no damage.
You closely miss the orc. The orc barely misses you.
You barely miss the orc. The orc hits you but does no damage.
You puncture the orc!
You kill the orc!
Okawaru accepts your kill.
You closely miss the orc priest.
The orc priest mumbles some strange prayers to Beogh against you.
Beogh smites you!
You die...

#.#.# #. #.#.# ..
####.#.# # #.
#....#.# #. #.
#.####.##########
...###. #.#
#.#........#
.......
#.####.#.#####.##
.......###.#....#.#
#.#
.......'o@.#.####.#
#.# #......#####.#
#.# #.# #...... #.#
#.# #.# #......
#.####.# #.#
?...... #......#
#.# ...####
######## #.# ...
#.# ######## #.#
#......# #.#


You could see an orc priest.

Vanquished Creatures
  A water moccasin (D:5)
  Duvessa (D:5)
  An orc warrior (D:6)
  2 phantoms (D:6)
  2 bullfrogs (D:6)
  2 scorpions (D:4)
  Dowan (D:5)
  A howler monkey (D:4)
  3 hounds
  2 iguanas
  Terence (D:3)
  3 orc wizards
  3 adders
  A shadow imp (D:4)
  A worm (D:2)
  4 dart slugs
  12 orcs
  7 endoplasms
  3 giant cockroaches
  4 goblins
  10 hobgoblins
  4 jackals
  4 quokkas
  5 ball pythons
  6 bats
  2 frilled lizards
  11 kobolds
  6 rats
103 creatures vanquished.

Vanquished Creatures (others)
  2 fungi (D:4)
  2 plants (D:4)
4 creatures vanquished.

Grand Total: 107 creatures vanquished

Notes
Turn   | Place    | Note
-------+----------+-------------------------------------------
     0 | D:1      | MisterAzrael the Formicid Fighter began the quest for the
                  | Orb.
     0 | D:1      | Reached XP level 1. HP: 18/18 MP: 1/1
   169 | D:1      | Reached XP level 2. HP: 15/24 MP: 2/2
   504 | D:1      | Reached skill level 3 in Axes
   661 | D:1      | Reached XP level 3. HP: 24/29 MP: 3/3
   891 | D:1      | Found a faded altar of an unknown god.
  1566 | D:2      | Reached skill level 4 in Axes
  1566 | D:2      | Reached XP level 4. HP: 34/35 MP: 4/4
  1890 | D:3      | Found a white marble altar of Elyvilon.
  2002 | D:3      | Noticed Terence
  2023 | D:3      | Killed Terence
  2025 | D:3      | Reached XP level 5. HP: 9/41 MP: 5/5
  2642 | D:4      | Reached skill level 5 in Axes
  3338 | D:4      | Reached XP level 6. HP: 46/47 MP: 6/6
  3423 | D:4      | Found a runed translucent gate.
  3431 | D:4      | Found a runed translucent gate.
  3431 | D:4      | Found a runed translucent gate.
  3431 | D:4      | Noticed shadownightmare's ghost (novice DsNe)
  3467 | D:4      | Reached skill level 6 in Axes
  3515 | D:4      | Found an iron altar of Okawaru.
  3529 | D:4      | Became a worshipper of Warmaster Okawaru
  3591 | D:4      | Found an ornate altar of the Wu Jian Council.
  3706 | D:4      | Reached skill level 1 in Invocations
  4353 | D:5      | Entered Level 5 of the Dungeon
  4353 | D:5      | Noticed Dowan
  4355 | D:5      | Noticed Duvessa
  4361 | D:4      | Reached XP level 7. HP: 43/52 MP: 8/8
  4369 | D:4      | Reached skill level 1 in Polearms
  4623 | D:5      | Killed Duvessa
  4636 | D:5      | Killed Dowan
  4636 | D:5      | Reached * piety under Okawaru
  4748 | D:5      | Identified the +5 short sword "Ishyillau" {vamp, Will++
                  | Int+2}
  4924 | D:5      | Found a staircase to the Ecumenical Temple.
  4936 | D:5      | Found a basalt altar of Yredelemnul.
  5139 | D:5      | Noticed a water moccasin
  5148 | D:5      | Killed a water moccasin
  5253 | D:5      | Reached XP level 8. HP: 57/58 MP: 10/10
  5690 | D:6      | Reached skill level 5 in Polearms
  5730 | D:6      | Reached ** piety under Okawaru
  5746 | D:6      | Reached skill level 5 in Invocations
  5750 | D:6      | Killed from afar by an orc priest

Illustrated notes

Levels and vault maps discovered:
D:1:      onia_arrival_mini_spirals, layout_loops_corners,
          ebering_ecumenical_altar_rust
D:2:      layout_loops_cross, kennysheep_flooded_box
D:3:      layout_rooms, mainiacjoe_overflow_paths, uniq_terence
D:4:      layout_loops_corners, okawaru_trees_2, overflow_temple_1_default,
          gammafunk_ghost_nasty_kobolds
D:5:      layout_rooms, mainiacjoe_overflow_chevrons,
          minmay_temple_entry_gardened_gates, uniq_duvessa
D:6:      layout_basic, mainiacjoe_overflow_tiny_flanked,
          gammafunk_ghost_abyssal_escape

Skill      XL: |  1  2  3  4  5  6  7  8 |
---------------+-------------------------+-----
Axes           | 3 4 5 6 |  6.5
Invocations    | 1 3 5 |  5.1
Polearms       | 4 5 |  5.7
Fighting       | |  3.2
Armour         | |  3.2
Shields        | |  4.0

Action                   |  1- 3 |  4- 6 |  7- 9 || total
-------------------------+-------+-------+-------++-------
Melee: War axe           |   121 |   137 |       ||   258
       Trident           |       |    16 |   139 ||   155
 Abil: Dig               |       |       |     1 ||     1
  Use: Scroll            |       |       |     9 ||     9
       Potion            |       |       |     5 ||     5
Armor: Scale mail        |    54 |    54 |    29 ||   137
Dodge: Dodged            |    59 |    83 |    73 ||   215
Block: Buckler           |    23 |    32 |    27 ||    82

Table legend: (Time is in decaauts)
 A = Elapsed time spent in this place.
 B = Non-inter-level travel time spent in this place.
 C = Inter-level travel time spent in this place.
 D = Time resting spent in this place.
 E = Time spent auto-exploring this place.
 F = Levels seen in this place.
 G = Mean time per level.
                   A        B        C        D        E       F      G
               +--------+--------+--------+--------+--------+-----+--------+
         Total |   5839 |   5744 |     95 |    962 |   3830 |   6 |  973.2 |
       Dungeon |   5839 |   5744 |     95 |    962 |   3830 |   6 |  973.2 |
               +--------+--------+--------+--------+--------+-----+--------+

Top non-repeatable levels by time:
     D:4: 2007 daAuts
     D:1: 1182 daAuts
     D:5: 767 daAuts
     D:2: 751 daAuts
     D:3: 745 daAuts
     D:6: 385 daAuts
